 Dungeon Crawl Stone Soup version 0.31.0-4-g52a2dc7128 (webtiles) character file.

Game seed: 16492070108294040896

217 Arcadio the Shooter (level 5, -1/28 HPs)
             Began as a Spriggan Hunter on Jan 22, 2024.
             Was an Initiate of Ru.
             Slain by a kobold brigand
             ... wielding a +1 rapier of pain
              (5 damage)
             ... on level 3 of the Dungeon.
             The game lasted 00:06:50 (2104 turns).

Arcadio the Shooter (Spriggan Hunter)               Turns: 2104, Time: 00:06:51

Health: -1/28      AC:  2    Str:  7    XL:     5   Next: 61%
Magic:  6/6        EV: 20    Int: 10    God:    Ru [......]
Gold:   218        SH:  0    Dex: 21    Spells: 4/4 levels left

rFire   . . .        a - +0 shortbow
rCold   . . .        (shield currently unavailable)
rNeg    . . .        c - +0 robe
rPois   .            (helmet restricted)
rElec   .            (no cloak)
rCorr   .            (gloves unavailable)
SInv    +            (boots unavailable)
Will    .....        e - amulet of regeneration
Stlth   ++           (no ring)
HPRegen 1.04/turn    (no ring)
MPRegen 0.10/turn

%: no passive effects
@: very quick
A: very small, no large weapons, unfitting armour, see invisible, speed 3
a: Renounce Religion


You were on level 3 of the Dungeon.
You worshipped Ru.
Ru was noncommittal.
You visited 1 branch of the dungeon, and saw 3 of its levels.

You collected 218 gold pieces.

Inventory:

Hand Weapons
 a - a +0 shortbow (weapon)
 b - a +2 short sword of venom
Armour
 c - a +0 robe (worn)
Jewellery
 e - an amulet of regeneration (around neck)
Wands
 n - a wand of roots (9)
Scrolls
 d - a scroll of fog {unknown}
 f - 2 scrolls of poison
 g - a scroll of immolation {unknown}
 i - a scroll of amnesia {unknown}
 j - a scroll of butterflies
 k - a scroll of fear {unknown}
 r - 3 scrolls of identify
Potions
 h - a potion of magic {unknown}
 l - 2 potions of degeneration {unknown}
 m - 2 potions of heal wounds {unknown}
 o - 2 potions of brilliance {unknown}


   Skills:
 + Level 3.1 Fighting
 + Level 5.1 Ranged Weapons
 + Level 4.9 Dodging
 - Level 1.5 Stealth


You had 4 spell levels left.
You didn't know any spells.
Your spell library contained the following spells:

 Spells                   Type           Power      Damage    Failure   Level
 Magic Dart               Conj           0%         1d3       36%         1
 Volatile Blastmotes      Fire/Tloc      0%         2d10      75%         3
 Fulminant Prism          Conj/Alch      0%         3d5       98%         4
 Iskenderun's Mystic Bla  Conj/Tloc      0%         2d3       98%         4
 Eringya's Noxious Bog    Alch           0%         4d6       100%        6
 Chain Lightning          Conj/Air       0%         N/A       100%        9


Dungeon Overview and Level Annotations

Branches:
Dungeon (3/15)

Altars:
Ru

Annotations:
D:3 noir2mars's ghost, weakling HuWr


Innate Abilities, Weirdness & Mutations

You are very small and have problems with some larger weapons.
You are too small for most types of armour.
You have supernaturally acute eyesight. (SInv)
You cover ground extremely quickly. (Speed+++)


Message History

The poisoned dart closely misses you.
Fire: a) +0 shortbow
Press: ? - help, Q - select action, (/) - cycle Shift-Dir - straight line, f/p - kobold brigand
Aim: a kobold brigand, wielding a +1 rapier of pain and quivering poisoned darts (lightly wounded, 59% to hit)
You shoot an arrow. The arrow hits the kobold brigand!
The kobold brigand is heavily wounded.
The kobold brigand throws a poisoned dart.
The poisoned dart closely misses you.
Fire: a) +0 shortbow
Press: ? - help, Q - select action, (/) - cycle Shift-Dir - straight line, f/p - kobold brigand
Aim: a kobold brigand, wielding a +1 rapier of pain and quivering poisoned darts (heavily wounded, 59% to hit)
You shoot an arrow.
The arrow barely misses the kobold brigand.
The arrow misses the kobold.
You shoot an arrow.
The arrow barely misses the kobold brigand.
The arrow barely misses the kobold.
The kobold brigand hits you with a +1 rapier of pain!
You shoot an arrow.
The arrow closely misses the kobold brigand.
The arrow barely misses the kobold.
The arrow hits the kobold.
The kobold is heavily wounded.
The kobold brigand barely misses you.
You shoot an arrow.
The arrow closely misses the kobold brigand.
The arrow hits the kobold!
You kill the kobold!
The kobold brigand hits you with a +1 rapier of pain.
You shoot an arrow. The arrow hits the kobold brigand.
The kobold brigand is heavily wounded.
The kobold brigand hits you with a +1 rapier of pain!
You writhe in agony.
You shoot an arrow.
The arrow hits the kobold brigand but does no damage.
The kobold brigand is heavily wounded.
The kobold brigand hits you with a +1 rapier of pain.
You writhe in agony.
* * * LOW HITPOINT WARNING * * *
The kobold brigand hits you with a +1 rapier of pain.
You die...

#####..#'#...#.#### ## #.
#####..........###.# ##.!!## #.
........#......###.# ##.....###.
#####+#<...........# #..#.#..##.
#.............#########8.#.#.8##.
~.............#.......#..#K#..#..
~♣............#.########.....##..
~P..............###....##'''##...
~~~##...#....)[.@KK.........K.K..
~~♣ #.###.....#####......#....K..
~~♣ #. ##....)...'......#...KK.K
~~ .. #.......♣♣♣~♣...##.####.
~~♣♣ #...~♣.♣~~~~~♣..##.####.
≈~P♣ ###..~~P.P~~~~~~P.........
≈~~P #...~~~~.~~~~~~~~~...####.
≈PP♣♣###.#~♣~P~.≈~~~~~~~#...## #.
≈~P♣..#..♣♣~~~P.~≈≈≈≈~♣##....# #.


You could see a kobold brigand and a kobold.

Vanquished Creatures
  Natasha (thrice) (D:2)
  Robin (D:2)
  2 adders (D:2)
  9 orcs (D:3)
  4 bats
  11 endoplasms
  3 giant cockroaches (D:1)
  12 hobgoblins
  12 jackals
  7 kobolds
  7 ball pythons
  6 frilled lizards
  12 goblins
  4 rats
93 creatures vanquished.

Notes
Turn   | Place    | Note
-------+----------+-------------------------------------------
     0 | D:1      | Arcadio the Spriggan Hunter began the quest for the Orb.
     0 | D:1      | Reached XP level 1. HP: 10/10 MP: 2/2
   203 | D:1      | Reached XP level 2. HP: 15/15 MP: 3/3
   501 | D:1      | Reached XP level 3. HP: 18/18 MP: 4/4
  1023 | D:2      | Noticed Natasha
  1047 | D:2      | Killed Natasha
  1048 | D:2      | Reached XP level 4. HP: 20/23 MP: 5/5
  1088 | D:2      | Noticed Robin
  1097 | D:2      | Killed Robin
  1166 | D:2      | Got the Secrets of Asceticism
  1208 | D:2      | Noticed Natasha
  1211 | D:2      | Killed Natasha
  1263 | D:2      | Reached XP level 5. HP: 28/28 MP: 6/6
  1424 | D:2      | Noticed Natasha
  1431 | D:2      | Killed Natasha
  1432 | D:2      | Reached skill level 5 in Ranged Weapons
  1566 | D:3      | Found a runed translucent gate.
  1567 | D:3      | Found a runed translucent gate.
  1568 | D:3      | Found a runed translucent gate.
  1570 | D:3      | Noticed noir2mars's ghost (weakling HuWr)
  1698 | D:3      | Found a sacrificial altar of Ru.
  1706 | D:3      | Became a worshipper of Ru the Awakened
  2104 | D:3      | Slain by a kobold brigand

Illustrated notes

Levels and vault maps discovered:
D:1:      elethiomel_arrival_infinity_welcomes_careful_drivers, layout_basic,
          chequers_serial_rivers_micro_a
D:2:      layout_basic, uniq_robin, uniq_natasha
D:3:      layout_basic, mainiacjoe_overflow_surrounded_room, serial_bayou,
          serial_bayou_lagoon_b, serial_bayou_lake_a, serial_bayou_shore_a,
          serial_bayou_ford_a, gammafunk_ghost_nasty_kobolds

Skill      XL: |  1  2  3  4  5 |
---------------+----------------+-----
Dodging        | 3 4 |  4.9
Fighting       | 2 3 |  3.1
Ranged Weapons | 5 |  5.1
Stealth        | |  1.5

Action                     |  1- 3 |  4- 6 || total
---------------------------+-------+-------++-------
   Fire: Shortbow          |   118 |   138 ||   256
    Use: Scroll            |       |     1 ||     1
 Armour: Robe              |    20 |    35 ||    55
  Dodge: Dodged            |    60 |    86 ||   146
